 Dungeon Crawl Stone Soup version 0.30.1-3-gfc49f6343a (webtiles) character file.

Game seed: 4752012153052124900

6686 babyray the Summoner (level 11, -6/48 HPs)
             Began as a Kobold Summoner on July 30, 2023.
             Was a Follower of Hepliaklqana.
             Mangled by Snorg (10 damage)
             ... on level 10 of the Dungeon.
             The game lasted 00:26:30 (13006 turns).

babyray the Summoner (Kobold Summoner)             Turns: 13006, Time: 00:26:30

Health: -6/48      AC:  6    Str:  5    XL:     11   Next: 23%
Magic:  16/22      EV: 18    Int: 21    God:    Hepliaklqana [*.....]
Gold:   416        SH:  0    Dex: 16    Spells: 15/24 levels left

rFire   + . .        h - +7 rapier of the Boiling Point {flame, +Blink}
rCold   . . .        (no shield)
rNeg    . . .        a - +0 robe
rPois   .            (no helmet)
rElec   .            f - +2 cloak
rCorr   .            r - +0 pair of gloves
SInv    .            (no boots)
Will    .....        (no amulet)
Stlth   +++++        d - ring of protection from fire
HPRegen 0.28/turn    (no ring)
MPRegen 0.18/turn

%: no passive effects
@: flying
A: reduced essence, small, no large weapons, nightstalker 3
a: Renounce Religion, Evoke Blink, Recall Ancestor, Ancestor Identity


You were on level 10 of the Dungeon.
You worshipped Hepliaklqana.
Hepliaklqana was aware of your devotion.
You visited 2 branches of the dungeon, and saw 11 of its levels.

You collected 416 gold pieces.

Inventory:

Hand Weapons
 c - a +1 short sword
 h - the +7 rapier of the Boiling Point (weapon) {flame, +Blink}
   (You acquired it on level 7 of the Dungeon)

   +Blink:    It lets you blink.
Missiles
 p - a throwing net
Armour
 a - a +0 robe (worn)
 f - a +2 cloak (worn)
 r - a +0 pair of gloves (worn)
Jewellery
 d - a ring of protection from fire (left hand)
 i - a ring of ice
 u - a ring of fire
 y - a ring of wizardry
 A - a ring of ice
Wands
 e - a wand of polymorph (5)
 o - a wand of mindburst (17)
 s - a wand of flame (17)
 t - a wand of acid (10)
Scrolls
 g - 3 scrolls of poison
 l - a scroll of magic mapping
 m - a scroll of immolation
 v - a scroll of fear
 w - 3 scrolls of identify
Potions
 b - a potion of magic
 j - a potion of flight
 k - 2 potions of resistance
 n - a potion of brilliance {unknown}
 q - a potion of mutation


   Skills:
 + Level 7.7 Short Blades
 + Level 7.6 Dodging
 + Level 8.9 Stealth
 + Level 4.7 Shields
 + Level 7.4 Spellcasting
 * Level 9.4 Summonings
 + Level 1.5 Translocations
 + Level 1.5 Invocations


You had 15 spell levels left.
You knew the following spells:

 Your Spells              Type           Power      Damage    Failure   Level
a - Summon Lightning Spi  Summ/Air       27%        N/A       12%         4
b - Call Imp              Summ           94%        N/A       1%          2
c - Call Canine Familiar  Summ           47%        N/A       1%          3

Your spell library contained the following spells:

 Spells                   Type           Power      Damage    Failure   Level
 Summon Small Mammal      Summ           100%       N/A       1%          1
 Summon Guardian Golem    Hex/Summ       27%        N/A       3%          3
 Beastly Appendage        Tmut           14%        N/A       9%          1
 Wereblood                Tmut           7%         N/A       13%         2
 Vhi's Electric Charge    Tloc/Air       20%        N/A       19%         3
 Dazzling Flash           Conj/Hex       14%        N/A       26%         3
 Spider Form              Tmut/Pois      7%         N/A       26%         3
 Agony                    Necr           7%         N/A       93%         5
 Arcjolt                  Conj/Air       3%         1d13      93%         5
 Silence                  Hex/Air        3%         N/A       93%         5
 Plasma Beam              Fire/Air       3%         2x1d15    100%        6


Dungeon Overview and Level Annotations

Branches:
Dungeon (10/15)            Temple (1/1) D:7
   Lair: D:8-11         Orc: D:9-12

Altars:
Ashenzari
Cheibriados
Hepliaklqana
Kikubaaqudgha
Nemelex Xobeh
Sif Muna
Uskayaw
Wu Jian
Xom
Yredelemnul
Zin
The Shining One

Shops:
D:9 :

Annotations:
D:8 Gastronok
D:10 Snorg


Innate Abilities, Weirdness & Mutations

Your life essence is reduced to manifest your ancestor. (-10% HP)
You are small and have problems with some larger weapons.
You are completely attuned to the shadows.


Message History

Snorg goes berserk!
Your cerulean imp hits Snorg from afar with a +0 spear.
Your hound barely misses Snorg.
Okay, then.
As you read the scroll of butterflies, it crumbles to dust.
You hear the flapping of tiny wings.
Snorg is knocked back by the sudden gust.
Snorg bites your hound! Snorg closely misses your hound.
Snorg claws your hound!
Your hound dies!
Your hound's corpse disappears in a puff of smoke!
Your cerulean imp hits Snorg from afar with a +0 spear.
Your lightning spire shoots out a bolt of lightning at Snorg!
The bolt of electricity hits Snorg!
The bolt of electricity hits your butterfly!
Your butterfly dies!
Your butterfly disappears in a burst of colours!
You swap places.
Snorg barely misses your lightning spire.
Snorg claws your lightning spire. Snorg claws your lightning spire!
Your lightning spire is destroyed!
Your lightning spire disappears in a puff of smoke!
Snorg bites something!!
You swap places.
You swap places.
You hear a shout!
Something bites your butterfly!!
Your butterfly dies!
Your butterfly disappears in a burst of colours!
Something bites your butterfly!
Your butterfly dies!
Your butterfly disappears in a burst of colours!
You swap places.
Okay, then.
You feel very buoyant.
You fly up into the air.
Your cerulean imp barely misses Snorg.
You swap places.
Snorg bites you!
* * * LOW HITPOINT WARNING * * *
Snorg barely misses you. Snorg claws you!
You die...

..# ###### #.... ..# #....# #....
..# ###########....# #....
..#########........##....####....
....................'....+.......
..~~~~~~~~~.~~≈≈~≈.~#....####.###
........~~~.~≈≈≈≈~.~#....####(###
............~≈≈≈≈≈.~#.......#....
~~~~.~~.~~~≈≈≈≈b@T.~#..........##
<≈~~.~~.~≈≈≈≈≈≈≈≈b.5###..b.......
~~≈~.~~.~~~~~≈≈≈b~.......#.......
≈≈≈~.~~......~≈≈≈≈~~###....≈b.≈≈.
≈≈≈≈.~~≈~~~~..~≈≈≈≈≈# #.#..b≈.≈..
≈≈≈~.~≈≈~≈≈≈~..~≈≈≈≈# #b#.≈.b...≈
≈≈≈~.~≈≈≈≈≈≈~~..~≈≈≈###.#.b≈...≈≈
≈≈≈~.~≈≈≈≈≈≈≈≈~.~≈≈≈##...§T.._...
≈≈≈~.~≈≈≈≈≈≈≈≈~.~≈≈≈#####b≈b...≈≈


You could see Snorg (berserk, ally target) and a friendly cerulean imp
(summoned).

Vanquished Creatures
  Maurice (D:8)
  An unseen horror (D:10)
  A vampire (D:10)
  7 yaks
  A wyvern (D:8)
  A wraith (D:10)
  A water moccasin (D:9)
  An ice beast (D:7)
  A sky beast (D:7)
  An ogre (D:7)
  3 wolves (D:8)
  A phantom (D:4)
  3 kobold brigands
  A bullfrog (D:9)
  2 wights (D:9)
  4 killer bees (D:7)
  A howler monkey (D:6)
  An electric eel (D:10)
  4 hounds
  A gnoll bouda (D:7)
  3 orc priests
  2 jellies
  An iguana (D:5)
  10 orc wizards
  6 gnolls
  6 adders
  2 shadow imps
  A white imp (D:6)
  An ufetubus (D:6)
  A worm (D:4)
  2 dart slugs
  20 orcs
  3 bats (D:1)
  7 endoplasms
  2 giant cockroaches
  9 goblins
  6 hobgoblins
  2 jackals (D:2)
  15 kobolds
  3 quokkas
  7 ball pythons
  6 frilled lizards
  2 rats
  A spectral orc (D:4)
155 creatures vanquished.

Vanquished Creatures (collateral kills)
  A two-headed ogre (D:10)
  Prince Ribbit (D:5)
  A yak (D:8)
  Grum (D:8)
  A water moccasin (D:5)
  Duvessa (D:4)
  2 orc warriors (D:9)
  An ice beast (D:6)
  A phantom (D:5)
  A scorpion (D:5)
  2 wights (D:9)
  Dowan (D:4)
  3 killer bees (D:7)
  2 electric eels (D:10)
  A howler monkey (D:5)
  Crazy Yiuf (D:4)
  A gnoll bouda (D:7)
  An orc priest (D:4)
  Jessica (D:2)
  An iguana (D:7)
  A sleepcap (D:8)
  6 orc wizards
  5 adders
  11 gnolls
  A white imp (D:7)
  3 worms
  A dart slug (D:1)
  19 orcs
  3 ball pythons
  2 endoplasms
  A giant cockroach (D:2)
  A goblin (D:3)
  2 hobgoblins
  A quokka (D:4)
  A bat (D:3)
  2 frilled lizards
  4 kobolds
  3 rats
92 creatures vanquished.

Grand Total: 247 creatures vanquished

Notes
Turn   | Place    | Note
-------+----------+-------------------------------------------
     0 | D:1      | babyray the Kobold Summoner began the quest for the Orb.
     0 | D:1      | Reached XP level 1. HP: 10/10 MP: 3/3
   154 | D:1      | Reached XP level 2. HP: 15/15 MP: 5/5
   318 | D:1      | Reached XP level 3. HP: 19/19 MP: 6/6
   325 | D:1      | Learned a level 2 spell: Call Imp
   329 | D:1      | Learned a level 3 spell: Call Canine Familiar
   355 | D:1      | Reached skill level 1 in Short Blades
  1122 | D:2      | Noticed Jessica
  1126 | D:2      | Killed Jessica
  1127 | D:2      | Reached XP level 4. HP: 19/24 MP: 2/8
  2273 | D:3      | Reached XP level 5. HP: 19/28 MP: 4/9
  2381 | D:3      | Reached skill level 1 in Shields
  2674 | D:3      | Found an ornate altar of the Wu Jian Council.
  3183 | D:4      | Noticed a phantom
  3215 | D:4      | Killed a phantom
  3216 | D:4      | Reached XP level 6. HP: 18/32 MP: 6/11
  3409 | D:4      | Noticed Dowan
  3419 | D:4      | Noticed Duvessa
  3732 | D:4      | Killed Duvessa
  3733 | D:4      | Reached skill level 5 in Summonings
  4177 | D:4      | Reached XP level 7. HP: 36/36 MP: 12/12
  4445 | D:4      | Found a basalt altar of Yredelemnul.
  4505 | D:4      | Found a runed translucent door.
  4508 | D:4      | Noticed Crazy Yiuf
  4528 | D:4      | Killed Crazy Yiuf
  4742 | D:4      | Killed Dowan
  5015 | D:5      | Entered Level 5 of the Dungeon
  5247 | D:5      | Noticed a water moccasin
  5278 | D:5      | Killed a water moccasin
  5279 | D:5      | Reached skill level 5 in Stealth
  5279 | D:5      | Reached XP level 8. HP: 37/41 MP: 2/15
  5710 | D:5      | Noticed Prince Ribbit
  5752 | D:5      | Killed Prince Ribbit
  5753 | D:5      | Reached skill level 5 in Spellcasting
  5753 | D:5      | Reached skill level 6 in Summonings
  6375 | D:5      | Found a shimmering altar of Xom.
  7235 | D:6      | Learned a level 4 spell: Summon Lightning Spire
  7757 | D:6      | Reached XP level 9. HP: 45/45 MP: 17/17
  8184 | D:7      | Reached skill level 5 in Dodging
  8225 | D:7      | Reached skill level 5 in Short Blades
  8234 | D:7      | Reached skill level 7 in Summonings
  8783 | D:7      | Identified a scroll of acquirement
  8783 | D:7      | Acquired the +7 rapier of the Boiling Point {flame, +Blink}
  9170 | D:7      | Found a staircase to the Ecumenical Temple.
  9481 | Temple   | Entered the Ecumenical Temple
  9522 | Temple   | Became a worshipper of Hepliaklqana the Forgotten
  9954 | D:8      | Reached XP level 10. HP: 50/50 MP: 19/19
  9959 | D:8      | Noticed Gastronok
  9965 | D:8      | Reached skill level 8 in Summonings
 10338 | D:8      | Noticed Grum
 10364 | D:8      | Killed Grum
 10499 | D:8      | Noticed Maurice
 10527 | D:8      | Killed Maurice
 11674 | D:9      | Reached skill level 9 in Summonings
 12222 | D:9      | Found Xocsoatz's Book Boutique.
 12222 | D:9      | Reached * piety under Hepliaklqana
 12360 | D:10     | Entered Level 10 of the Dungeon
 12472 | D:10     | Reached XP level 11. HP: 37/48 MP: 16/21
 12693 | D:10     | Reached skill level 1 in Translocations
 12693 | D:10     | Reached skill level 1 in Invocations
 12797 | D:10     | Noticed a two-headed ogre
 12804 | D:10     | Killed a two-headed ogre
 12971 | D:10     | Found a sparkling altar of Nemelex Xobeh.
 12985 | D:10     | Noticed Snorg
 13006 | D:10     | Mangled by Snorg

Illustrated notes

Levels and vault maps discovered:
D:1:      reono_arrival_mine, layout_loops_ring
D:2:      layout_basic, uniq_jessica
D:3:      layout_rooms, nzn_wu_jian_contemplation,
          minmay_fractal_squares_gapless_5
D:4:      layout_loops_ring, yredelemnul_forgotten_temple_becter,
          uniq_crazy_yiuf_cottage, uniq_duvessa
D:5:      layout_basic, lemuel_round_altar, uniq_prince_ribbit1
D:6:      minmay_angry_zag, layout_loops_corners
D:7:      layout_rooms, minmay_temple_entry_slanted, st_stairs_2,
          minmay_parallelograms, corexii_checkpoint_a,
          kennysheep_generic_room_14
D:8:      cheibrodos_iron_armory, layout_rooms, gammafunk_ghost_hive,
          uniq_psyche, uniq_gastronok, uniq_grum, uniq_maurice
D:9:      layout_loops_ring, serial_shops, nicolae_lakefront_shop
D:10:     layout_basic, mainiacjoe_overflow_small_starburst, marbit_many_paths,
          serial_shops, nicolae_shop_real_fake_doors, special_room
          [special_room_orc], uniq_snorg
Temple:   nicolae_temple_bog_church

Skill      XL: |  1  2  3  4  5  6  7  8  9 10 11 |
---------------+----------------------------------+-----
Stealth        | 3 4 5 7 8 |  8.9
Short Blades   | 1 2 3 4 6 7 |  7.7
Spellcasting   | 3 4 5 6 7 |  7.4
Shields        | 1 2 3 4 |  4.7
Dodging        | 3 4 6 7 |  7.6
Summonings     | 5 6 7 9 |  9.4
Translocations | 1 |  1.5
Invocations    | 1 |  1.5

Action                     |  1- 3 |  4- 6 |  7- 9 | 10-12 || total
---------------------------+-------+-------+-------+-------++-------
  Melee: Short sword       |    60 |   132 |   131 |       ||   323
         Punch             |     1 |     2 |     3 |     2 ||     8
         Rapier            |       |       |    28 |   123 ||   151
   Cast: Summon Small Mamm |     4 |       |       |       ||     4
         Call Canine Famil |     4 |    13 |    35 |    14 ||    66
         Call Imp          |     2 |    14 |    34 |    11 ||    61
         Summon Lightning  |       |       |    10 |    14 ||    24
    Use: Scroll            |     4 |     7 |    10 |     5 ||    26
         Potion            |     1 |    13 |     5 |     4 ||    23
   Stab: Sleeping          |    21 |    21 |    23 |    12 ||    77
         Distracted        |       |     1 |     3 |     2 ||     6
 Armour: Robe              |     6 |    13 |    23 |    14 ||    56
         Skin              |       |     8 |     7 |    75 ||    90
  Dodge: Dodged            |    44 |    78 |   172 |    68 ||   362
